 Dungeon Crawl Stone Soup version 0.30-a0-390-g80c34de65d (webtiles) character file.

Game seed: 5238888629578429987

431 arthad the Sneak (level 6, -3/44 HPs)
             Began as a Gnoll Wanderer on Dec 4, 2022.
             Splashed by a jelly's acid (6 damage)
             ... on level 5 of the Dungeon.
             The game lasted 00:04:21 (3129 turns).

arthad the Sneak (Gnoll Wanderer)                   Turns: 3129, Time: 00:04:22

Health: -3/44      AC: -4    Str:  9    XL:     6   Next: 99%
Magic:  11/11      EV: 12    Int:  9    God:
Gold:   198        SH:  6    Dex: 18    Spells: 12/12 levels left

rFire   . . .      SeeInvis .    j - +0 dagger (venom)
rCold   . . .      Faith    .    b - +0 buckler {AC+3}
rNeg    . . .      Spirit   .    e - +0 leather armour
rPois   .          Reflect  .    (no helmet)
rElec   .          Harm     .    (no cloak)
rCorr   .          Rampage  .    c - +0 pair of gloves
Will    .....                    (no boots)
Stlth   +++.......               (no amulet)
HPRegen 0.27/turn                (no ring)
MPRegen 0.12/turn                (no ring)

@: corroded
A: fangs 1, strong nose, distributed training
a: no special abilities


You were on level 5 of the Dungeon.
You visited 1 branch of the dungeon, and saw 5 of its levels.

You collected 198 gold pieces.

Inventory:

Hand Weapons
 a - a +0 short sword
 j - a +0 dagger of venom (weapon)
Missiles
 k - 12 poisoned darts (quivered)
 A - 2 throwing nets
Armour
 b - a +0 buckler of protection (worn)
 c - a +0 pair of gloves (worn)
 e - a +0 leather armour (worn)
Jewellery
 v - an amulet of faith
Scrolls
 d - a scroll of summoning
 f - 2 scrolls of enchant weapon {unknown}
 g - 4 scrolls of identify {unknown}
 m - 2 scrolls of enchant armour {unknown}
 n - a scroll of silence {unknown}
 o - a scroll of amnesia {unknown}
 p - 2 scrolls of teleportation {unknown}
 s - a scroll of butterflies {unknown}
 u - a scroll of immolation {unknown}
 w - a scroll of vulnerability {unknown}
 x - a scroll of noise {unknown}
 y - a scroll of magic mapping {unknown}
Potions
 h - 3 potions of magic {unknown}
 i - a potion of brilliance {unknown}
 l - 2 potions of curing {unknown}
 q - a potion of might {unknown}
 r - 2 potions of lignification {unknown}
 t - a potion of degeneration {unknown}
 z - a potion of heal wounds {unknown}


   Skills:
 + Level 2.2 Fighting
 + Level 5.1 Short Blades
 + Level 2.2 Long Blades
 + Level 2.2 Axes
 + Level 2.2 Maces & Flails
 + Level 2.2 Polearms
 + Level 2.2 Staves
 + Level 2.2 Ranged Weapons
 + Level 2.2 Throwing
 + Level 2.2 Armour
 + Level 3.4 Dodging
 + Level 6.4 Stealth
 + Level 5.1 Shields
 + Level 2.2 Unarmed Combat
 + Level 3.6 Spellcasting
 + Level 1.8 Conjurations
 + Level 1.8 Hexes
 + Level 1.8 Summonings
 + Level 1.8 Necromancy
 + Level 1.8 Translocations
 + Level 1.8 Transmutations
 + Level 1.8 Fire Magic
 + Level 1.8 Ice Magic
 + Level 1.8 Air Magic
 + Level 1.8 Earth Magic
 + Level 1.8 Poison Magic
 + Level 2.5 Invocations
 + Level 3.4 Evocations


You had 12 spell levels left.
You didn't know any spells.
Your spell library contained the following spells:

 Spells                   Type           Power      Damage    Failure   Level
 Apportation              Tloc           8%         N/A       24%         1
 Magic Dart               Conj           16%        1d3       24%         1
 Searing Ray              Conj           8%         2d4       34%         2
 Static Discharge         Conj/Air       8%         2-3/arc   34%         2
 Vhi's Electric Charge    Tloc/Air       8%         N/A       56%         3
 Fulminant Prism          Conj/Hex       2%         3d5       93%         4
 Alistair's Intoxication  Tmut/Pois      2%         N/A       100%        5
 Arcjolt                  Conj/Air       2%         1d12      100%        5
 Lightning Bolt           Conj/Air       2%         1d13      100%        5


Dungeon Overview and Level Annotations

Branches:
Dungeon (5/15)
 Temple: D:4-7

Altars:
Trog


Innate Abilities, Weirdness & Mutations

You have very sharp teeth.
Your uncanny sense of smell can sniff out nearby items.
Your experience applies equally to all skills.


Message History

The orc hits you with a +0 dagger of draining.
You feel drained.
You barely miss the orc.
The orc is heavily wounded.
You kill the orc!
The orc hits you from afar with a +0 trident.
Your life force feels restored.
You completely miss the jelly. You bite the jelly, but do no damage.
The orc barely misses you. The jelly completely misses you.
You hit the jelly. The acid corrodes you!
Your hands burn!
The jelly is lightly wounded.
You block the orc's attack. The jelly completely misses you.
You are too injured to fight recklessly!
You are too injured to fight recklessly!
You are too injured to fight recklessly!
You are too injured to fight recklessly!
You are too injured to fight recklessly!
You are too injured to fight recklessly!
You are too injured to fight recklessly!
You are too injured to fight recklessly!
You are too injured to fight recklessly!
You are too injured to fight recklessly!
You are too injured to fight recklessly!
You are too injured to fight recklessly!
You are too injured to fight recklessly!
You are too injured to fight recklessly!
You are too injured to fight recklessly!
You are too injured to fight recklessly!
You hit the jelly but do no damage.
The jelly is poisoned.
The acid corrodes you!
Your hands burn!
The jelly is lightly wounded.
The jelly hits you. The acid corrodes you!
You are splashed with acid!
* * * LOW HITPOINT WARNING * * *
The orc hits you from afar with a +0 trident.
* * * LOW HITPOINT WARNING * * *
There is a stone staircase leading up here.
The jelly hits you.
* * * LOW HITPOINT WARNING * * *
You are splashed with acid.
You die...

.# ##.## .....
...... #
###....## ##.###
#)).....#
.#..... #.#
.......##.#.###.
#.....@J........
#.....##..#.##.#
#..... #..# #
###### #....
##...# ∆ .### .#
.#


You could see a jelly (very poisoned).

Vanquished Creatures
  A black bear (D:3)
  An ogre (D:4)
  A phantom (D:4)
  An orc priest (D:5)
  7 adders
  A worm (D:3)
  2 dart slugs
  4 orcs
  6 ball pythons
  6 bats
  6 endoplasms
  2 giant cockroaches
  11 goblins
  5 hobgoblins
  8 jackals
  A quokka (D:1)
  7 frilled lizards
  11 kobolds
  6 rats
87 creatures vanquished.

Notes
Turn   | Place    | Note
-------+----------+-------------------------------------------
     0 | D:1      | arthad the Gnoll Wanderer began the quest for the Orb.
     0 | D:1      | arthad set off with the following items: a +0 short sword,
                  | a +0 buckler of protection, a +0 pair of gloves, a scroll
                  | of summoning, a +0 leather armour.
     0 | D:1      | Reached XP level 1. HP: 13/13 MP: 4/4
   245 | D:1      | Reached XP level 2. HP: 19/19 MP: 5/5
   811 | D:1      | Reached XP level 3. HP: 24/25 MP: 7/7
   981 | D:1      | Found a faded altar of an unknown god.
   995 | D:1      | Reached skill level 6 in Stealth
  1087 | D:2      | Reached skill level 1 in Invocations
  1114 | D:2      | Reached skill level 1 in Fighting
  1114 | D:2      | Reached skill level 1 in Long Blades
  1114 | D:2      | Reached skill level 1 in Axes
  1114 | D:2      | Reached skill level 1 in Maces & Flails
  1114 | D:2      | Reached skill level 1 in Polearms
  1114 | D:2      | Reached skill level 1 in Staves
  1114 | D:2      | Reached skill level 1 in Ranged Weapons
  1114 | D:2      | Reached skill level 1 in Throwing
  1114 | D:2      | Reached skill level 1 in Armour
  1114 | D:2      | Reached skill level 1 in Unarmed Combat
  1241 | D:2      | Reached XP level 4. HP: 32/32 MP: 8/8
  1419 | D:2      | Reached skill level 1 in Conjurations
  1419 | D:2      | Reached skill level 1 in Hexes
  1419 | D:2      | Reached skill level 1 in Summonings
  1419 | D:2      | Reached skill level 1 in Necromancy
  1419 | D:2      | Reached skill level 1 in Translocations
  1419 | D:2      | Reached skill level 1 in Transmutations
  1419 | D:2      | Reached skill level 1 in Fire Magic
  1419 | D:2      | Reached skill level 1 in Ice Magic
  1419 | D:2      | Reached skill level 1 in Air Magic
  1419 | D:2      | Reached skill level 1 in Earth Magic
  1419 | D:2      | Reached skill level 1 in Poison Magic
  1675 | D:2      | You fall into a shaft and drop 2 floors!
  1993 | D:3      | Noticed a black bear
  2001 | D:3      | Killed a black bear
  2002 | D:3      | Reached XP level 5. HP: 38/38 MP: 9/9
  2330 | D:3      | Reached XP level 6. HP: 44/44 MP: 11/11
  2662 | D:4      | Found a bloodstained altar of Trog.
  2680 | D:4      | Reached skill level 5 in Short Blades
  2680 | D:4      | Reached skill level 5 in Shields
  3108 | D:5      | Entered Level 5 of the Dungeon
  3129 | D:5      | Splashed by a jelly's acid

Illustrated notes

Levels and vault maps discovered:
D:1:      giann_forest_graveyard, layout_basic, basic_ecumenical_altar
D:2:      layout_loops_ring, kennysheep_flooded_box
D:3:      layout_loops_ring
D:4:      layout_basic, mainiacjoe_overflow_small_starburst,
          minmay_increasing_density
D:5:      layout_loops_cross, grunt_temple_overflow_open,
          grunt_nemelex_the_gamble, serial_shops, shop, glass_columns_b

Skill      XL: |  1  2  3  4  5  6 |
---------------+-------------------+-----
Stealth        | 6 |  6.4
Invocations    | 1 2 |  2.5
Fighting       | 1 2 |  2.2
Long Blades    | 1 2 |  2.2
Axes           | 1 2 |  2.2
Maces & Flails | 1 2 |  2.2
Polearms       | 1 2 |  2.2
Staves         | 1 2 |  2.2
Ranged Weapons | 1 2 |  2.2
Throwing       | 1 2 |  2.2
Armour         | 1 2 |  2.2
Unarmed Combat | 1 2 |  2.2
Spellcasting   | 3 |  3.6
Conjurations   | 1 |  1.8
Hexes          | 1 |  1.8
Summonings     | 1 |  1.8
Necromancy     | 1 |  1.8
Translocations | 1 |  1.8
Transmutations | 1 |  1.8
Fire Magic     | 1 |  1.8
Ice Magic      | 1 |  1.8
Air Magic      | 1 |  1.8
Earth Magic    | 1 |  1.8
Poison Magic   | 1 |  1.8
Dodging        | 3 |  3.4
Evocations     | 3 |  3.4
Short Blades   | 5 |  5.1
Shields        | 5 |  5.1

Action                   |  1- 3 |  4- 6 || total
-------------------------+-------+-------++-------
Melee: Short sword       |    72 |       ||    72
       Bite              |     9 |    32 ||    41
       Dagger            |    41 |   210 ||   251
 Stab: Sleeping          |    16 |    15 ||    31
Armor: Leather armour    |    29 |    38 ||    67
Dodge: Dodged            |    38 |    68 ||   106
Block: Buckler           |    19 |    30 ||    49

Table legend: (Time is in decaauts)
 A = Elapsed time spent in this place.
 B = Non-inter-level travel time spent in this place.
 C = Inter-level travel time spent in this place.
 D = Time resting spent in this place.
 E = Time spent auto-exploring this place.
 F = Levels seen in this place.
 G = Mean time per level.
                   A        B        C        D        E       F      G
               +--------+--------+--------+--------+--------+-----+--------+
         Total |   3064 |   3007 |     57 |     33 |   2321 |   5 |  612.8 |
       Dungeon |   3064 |   3007 |     57 |     33 |   2321 |   5 |  612.8 |
               +--------+--------+--------+--------+--------+-----+--------+

Top non-repeatable levels by time:
     D:1: 1066 daAuts
     D:4: 768 daAuts
     D:3: 629 daAuts
     D:2: 582 daAuts
     D:5: 17 daAuts
